 Dungeon Crawl Stone Soup version 0.30-a0-879-ga8ba668304 (webtiles) character file.

Game seed: 7473298285314124277

603186 testman the Slayer (level 27, -12/290 HPs)
             Began as a Human Wanderer on Mar 6, 2023.
             Was the Champion of Jiyva.
             Killed from afar by a fire giant (18 damage)
             ... with a bolt of fire
             ... on level 2 of Gehenna on Mar 13, 2023.
             The game lasted 05:40:31 (52303 turns).

testman the Slayer (Human Wanderer)                Turns: 52303, Time: 05:40:33

Health: -12/290    AC: 49    Str: 21      XL:     27
Magic:  41/41      EV: 20    Int: 25      God:    Jiyva [******]
Gold:   2205       SH: 30    Dex: 21 (22) Spells: 26/26 levels left

rFire   + . .      SeeInvis +    D - +4 sacred scourge (holy)
rCold   + . .      Faith    .    a - +0 tower shield of Pride {Fly rF- Will+++ MP+9}
rNeg    + + .      Spirit   .    b - +11 plate armour "Kiataut" {rC+ rN++ Regen+ rCorr}
rPois   .          Reflect  +    A - +2 hat "Areog" {+Blink SInv}
rElec   .          Rampage  +    m - +3 cloak of Omauwk {Will++}
rCorr   +                        P - +3 pair of gauntlets of War {Slay+5}
Will    +++++                    j - +2 pair of boots {rampage} Stlth
                                 T - amulet "Ucuehip" {Reflect SH+5 SInv}
HPRegen 3.08/turn                z - ring of Shadows {Umbra +Inv Stlth+}
MPRegen 0.77/turn                V - ring of Happiness {rF+ Will+ MP+9 Int+6}

@: flying, hasted, wreathed by umbra, studying 2 skills, unable to read, very
quick
A: agile 2, clever 2, fire resistance 1, robust 2, strong 1, acidic bite,
gelatinous body 2, translucent skin 2, evolution 1, jelly sensing items
}: 5/15 runes: barnacled, slimy, silver, abyssal, gossamer
a: Renounce Religion, Evoke Blink, Evoke Invisibility, Oozemancy, Slimify


You were on level 2 of Gehenna.
You worshipped Jiyva.
Jiyva was exalted by your worship.
You visited 12 branches of the dungeon, and saw 53 of its levels.
You visited the Abyss 1 time.
You visited 1 bazaar.
You also visited: Trove, Bailey, Gauntlet, Ice Cave and Volcano.

You collected 7873 gold pieces.
You spent 5668 gold pieces at shops.

Inventory:

Hand Weapons
 D - a +4 sacred scourge of holy wrath (weapon)
 Q - a +9 demon whip of electrocution
Missiles
 i - a throwing net (quivered)
 X - 18 silver javelins
Armour
 a - the +0 tower shield of Pride (worn) {Fly rF- Will+++ MP+9}
   (You took it off a minotaur in a Gauntlet)

   rF:        It makes you vulnerable to fire.
   MP:        It affects your magic capacity (+9).
   Fly:       It grants you flight.
   Will:      It greatly increases your willpower.
 b - the +11 plate armour "Kiataut" (worn) {rC+ rN++ Regen+ rCorr}
   (You found it on level 1 of the Crypt)

   rC:        It protects you from cold.
   rN:        It greatly protects you from negative energy.
   Regen:     It increases your rate of health regeneration.
   rCorr:     It protects you from acid and corrosion.
 j - a +2 pair of boots of rampaging (worn)
 m - the +3 cloak of Omauwk (worn) {Will++}
   (You found it on level 1 of the Elven Halls)

   Will:      It greatly increases your willpower.
 A - the +2 hat "Areog" (worn) {+Blink SInv}
   (You found it on level 1 of the Depths)

   SInv:      It lets you see invisible.
   +Blink:    It lets you blink.
 P - the +3 pair of gauntlets of War (worn) {Slay+5}
   (You found it on level 3 of the Elven Halls)

   Slay:      It affects your accuracy & damage with ranged weapons and melee
   (+5).
 Y - +4 ice dragon scales
Jewellery
 x - the ring of Nuuduz Kicesm {rElec MP+9 Int+7}
   (You found it on level 5 of the Pits of Slime)

   [ring of magical power]

   Int:       It affects your intelligence (+7).
   rElec:     It insulates you from electricity.
   MP:        It affects your magic capacity (+9).
 z - the ring of Shadows (left hand) {Umbra +Inv Stlth+}
   (You took it off an ironbound preserver on level 5 of the Vaults)

   [ring of stealth]

   Umbra:     It surrounds you with an aura of shadow, increasing your stealth
   and reducing the accuracy of all others within it.
   +Inv:      It lets you turn invisible.
   Stlth:     It makes you more stealthy.
 M - a +5 ring of evasion
 N - the ring of the Wizarding Gods {rPois rC+}
   (You found it on level 4 of the Shoals)

   [ring of protection from cold]

   rC:        It protects you from cold.
   rPois:     It protects you from poison.
 T - the amulet "Ucuehip" (around neck) {Reflect SH+5 SInv}
   (You bought it in a shop on level 1 of the Depths)

   [amulet of reflection]

   It reflects blocked missile attacks.
   SInv:      It lets you see invisible.
   SH:        It affects your SH (+5).
 V - the ring of Happiness (right hand) {rF+ Will+ MP+9 Int+6}
   (You took it off a deep elf knight on level 3 of the Elven Halls)

   [ring of intelligence]

   Int:       It affects your intelligence (+6).
   rF:        It protects you from fire.
   MP:        It affects your magic capacity (+9).
   Will:      It increases your willpower.
Wands
 q - a wand of flame (13)
 u - a wand of charming (29)
 C - a wand of polymorph (31)
 E - a wand of mindburst (21)
 J - a wand of iceblast (26)
 Z - a wand of quicksilver (21)
Scrolls
 c - 5 scrolls of enchant armour
 n - 3 scrolls of magic mapping
 r - 16 scrolls of teleportation
 s - 7 scrolls of fear
 w - 5 scrolls of blinking
 y - 4 scrolls of amnesia
 R - 2 scrolls of silence
 W - 5 scrolls of summoning
Potions
 e - 11 potions of curing
 g - 7 potions of haste
 h - 4 potions of lignification
 k - 2 potions of invisibility
 l - 6 potions of might
 p - 8 potions of ambrosia
 t - 4 potions of resistance
 v - 10 potions of mutation
 B - 6 potions of berserk rage
 F - 2 potions of magic
 G - 6 potions of cancellation
 H - 4 potions of heal wounds
 I - 6 potions of brilliance
Miscellaneous
 d - a condenser vane
 f - a tin of tremorstones (2/2)
 K - a phial of floods (inert)
 O - a box of beasts (inert)
 S - a phantom mirror


   Skills:
 + Level 25.5 Fighting
 - Level 4.3 Short Blades
 - Level 3.0(10.9) Axes
 + Level 16.1(16.2) Maces & Flails
 - Level 3.0 Throwing
 + Level 23.3 Armour
 + Level 18.9 Dodging
 - Level 1.0 Stealth
 + Level 24.1 Shields
 + Level 17.2 Evocations


You had 26 spell levels left.
You didn't know any spells.
Your spell library contained the following spells:

 Spells                   Type           Power      Damage    Failure   Level
 Apportation              Tloc           0%         N/A       69%         1
 Foxfire                  Conj/Fire      0%         2x1d4     69%         1
 Freeze                   Ice            0%         1d3       69%         1
 Kiss of Death            Conj/Necr      0%         2d5       69%         1
 Necrotise                Necr           0%         1d4       69%         1
 Sandblast                Erth           0%         2d4       69%         1
 Slow                     Hex            0%         N/A       69%         1
 Sting                    Tmut/Pois      0%         1d3       69%         1
 Summon Small Mammal      Summ           0%         N/A       69%         1
 Blink                    Tloc           0%         N/A       83%         2
 Lesser Beckoning         Tloc           0%         N/A       83%         2
 Momentum Strike          Conj/Tloc      0%         3d8       83%         2
 Poisonous Vapours        Pois/Air       0%         N/A       83%         2
 Scorch                   Fire           0%         2d5       83%         2
 Sublimation of Blood     Necr           0%         N/A       83%         2
 Wereblood                Tmut           0%         N/A       83%         2
 Call Canine Familiar     Summ           0%         N/A       96%         3
 Confusing Touch          Hex            0%         N/A       96%         3
 Gell's Gravitas          Tloc           0%         N/A       96%         3
 Hailstorm                Conj/Ice       0%         3d3       96%         3
 Ignite Poison            Fire/Tmut/Pois 0%         N/A       96%         3
 Inner Flame              Hex/Fire       0%         N/A       96%         3
 Ozocubu's Armour         Ice            0%         N/A       96%         3
 Portal Projectile        Hex/Tloc       0%         N/A       96%         3
 Spider Form              Tmut/Pois      0%         N/A       96%         3
 Summon Guardian Golem    Hex/Summ       0%         N/A       96%         3
 Teleport Other           Tloc           0%         N/A       96%         3
 Tukima's Dance           Hex            0%         N/A       96%         3
 Vampiric Draining        Necr           0%         2d6       96%         3
 Animate Armour           Summ/Erth      0%         N/A       100%        4
 Cause Fear               Hex            0%         N/A       100%        4
 Flame Wave               Conj/Fire      0%         2d4       100%        4
 Ice Form                 Ice/Tmut       0%         N/A       100%        4
 Leda's Liquefaction      Hex/Erth       0%         N/A       100%        4
 Olgreb's Toxic Radiance  Pois           0%         N/A       100%        4
 Petrify                  Tmut/Erth      0%         N/A       100%        4
 Sticky Flame             Conj/Fire      0%         2d3       100%        4
 Blade Hands              Tmut           0%         N/A       100%        5
 Borgnjor's Vile Clutch   Necr/Erth      0%         N/A       100%        5
 Irradiate                Conj/Tmut      0%         3d11      100%        5
 Lee's Rapid Deconstruct  Erth           0%         3d4*      100%        5
 Metabolic Englaciation   Hex/Ice        0%         N/A       100%        5
 Summon Forest            Summ/Tloc      0%         N/A       100%        5
 Conjure Ball Lightning   Conj/Air       0%         3x3d6     100%        6
 Death Channel            Necr           0%         N/A       100%        6
 Dispersal                Tloc           0%         N/A       100%        6
 Eringya's Noxious Bog    Tmut/Pois      0%         N/A       100%        6
 Iron Shot                Conj/Erth      0%         9d1       100%        6
 Simulacrum               Ice/Necr       0%         N/A       100%        6
 Starburst                Conj/Fire      0%         6d3       100%        6
 Statue Form              Tmut/Erth      0%         N/A       100%        6
 Monstrous Menagerie      Summ           0%         N/A       100%        7
 Summon Hydra             Summ           0%         N/A       100%        7
 Borgnjor's Revivificati  Necr           0%         N/A       100%        8
 Discord                  Hex            0%         N/A       100%        8
 Disjunction              Tloc           0%         N/A       100%        8
 Infestation              Necr           0%         N/A       100%        8
 Necromutation            Tmut/Necr      0%         N/A       100%        8
 Chain Lightning          Conj/Air       0%         N/A       100%        9
 Death's Door             Necr           0%         N/A       100%        9


Dungeon Overview and Level Annotations

Branches:
Dungeon (15/15)            Temple (0/1) D:5            Lair (5/5) D:10
 Shoals (4/4) Lair:3       Spider (4/4) Lair:3        Slime (5/5) Lair:4
    Orc (2/2) D:9             Elf (3/3) Orc:2        Vaults (5/5) D:14
  Crypt (3/3) Vaults:3       Tomb (0/3) Crypt:3      Depths (4/4) D:15
   Hell (visited)             Dis (0/7) Hell            Geh (2/7) Hell
    Coc (0/7) Hell            Tar (0/7) Hell            Zot (0/5) Depths:4
 Bailey (visited)           IceCv (visited)         Volcano (visited)
Gauntlet (visited)

Altars:
Ashenzari
Cheibriados
Dithmenos
Fedhas
Kikubaaqudgha
Makhleb
Okawaru
Qazlal
Ru
Sif Muna
Wu Jian
Xom
Yredelemnul
Jiyva

Shops:
D:4 (   D:6 *   D:10 *   Orc:2 (?!*   Elf:1 [   Elf:3 (   Vaults:2 [
Depths:1 *?*=   Depths:2 !=::

Portals:
Hell: Depths:1 Depths:2 Depths:3 Depths:4
Abyss: Depths:2 Depths:3
Pandemonium: Depths:2
Ziggurat: Depths:1

Annotations:
D:8 3 runed translucent doors, Dittersdorf's ghost, novice GrFi; TheSexyCheese's ghost, novice TrFi; baller8008's ghost, journeyman DECj; porpoise's ghost, novice GnEn
D:9 exclusion: ice statue
Lair:2 exclusion: oklob plant
Slime:5 Royal Jelly
Elf:2 3 runed translucent doors


Innate Abilities, Weirdness & Mutations

You are very agile. (Dex +8, Str/Int -2)
Your mind is very acute. (Int +8, Str/Dex -2)
Your flesh is heat resistant. (rF+)
You are very robust. (+20% HP)
Your muscles are strong. (Str +4, Int/Dex -1)
You have acidic saliva.
Your pliable body absorbs attacks. (AC +2, EV +2)
Your translucent skin reduces your foes' accuracy. (Stealth+)
You have hidden genetic potential.
You have a small jelly attached to you that senses nearby items.


Message History

Okay, then.
Okay, then.
Okay, then.
Okay, then.
You cannot see clearly; the smoke and ash is too thick!
You open the lid... ...and an elder shockbat beast flies out!
The box is emptied!
You are covered in liquid flames!
* * * LOW HITPOINT WARNING * * *
You are no longer on fire.
The tormentor misses you. You block the tormentor's attack.
Aim the phial where?
Press: ? - help, Shift-Dir - straight line, f - tormentor
Aim: a tormentor (umbra)
The torrent of water hits the tormentor!
The tormentor is moderately wounded.
The wave splashes down.
The hellephant is engulfed in water.
The tormentor is engulfed in water.
The balrug is engulfed in water.
The hell hog is engulfed in water.
You hear a roar!
You hear a hideous shriek!
The tormentor splashes around in the water.
You block the tormentor's attack. You block the hellephant's attack.
The hellephant bites you but does no damage.
The hellephant completely misses you.
Your elder shockbat beast barely misses the hell hog.
The tormentor calls on the powers of darkness!
The fire giant convulses!
Your body is wracked with pain!
* * * LOW HITPOINT WARNING * * *
Your elder shockbat beast convulses!
You block the hell hog's attack. The balrug gestures at you.
The sticky flame misses you. The hellephant breathes flames at you.
The blast of flame hits the hell hog.
The hell hog completely resists.
The blast of flame hits you!! You resist.
* * * LOW HITPOINT WARNING * * *
The fire giant casts a spell at you. The bolt of fire hits you!! You resist.
You die...

#############
#...........# #
#.....H.....#.#
###...~hh.......#
###.....@hY~~.†...#
.......§22~~.....#
.......~C~~~.....#
###....~...~........
##........§.≈≈....
#.......§.§§.....
##....§≈≈§≈§§≈....
#.....≈≈≈####≈≈≈.v
##....§.##


You could see a hellephant (unsilenced, catching breath, waterlogged), a fire
giant, a balrug (unsilenced, waterlogged), 3 hell hogs, a tormentor (unsilenced,
waterlogged) and a friendly elder shockbat beast (summoned).

Vanquished Creatures
  An ancient lich (Vaults:4)
  A dread lich (Vaults:4)
  Mennas (Vaults:4)
  A juggernaut (Depths:3)
  Sojobo (Vaults:4)
  Josephina (Crypt:2)
  Xtahua (Vaults:5)
  Saint Roka (Vaults:5)
  Geryon (Hell)
  the Enchantress (Depths:4)
  4 golden dragons
  2 bone dragons (Crypt:3)
  An iron giant (Depths:1)
  2 hellephants
  2 tentacled monstrosities
  Jorgrun (D:12)
  A lich (Depths:3)
  Zenata (Crypt:2)
  Asterion (Spider:1)
  An Ice Fiend (IceCv)
  A walking frostbound tome (Depths:2)
  7 titans
  A walking divine tome (Depths:2)
  2 quicksilver dragons
  3 deep elf blademasters (Elf:3)
  A deep elf master archer (Elf:3)
  A searing wretch (Geh:1)
  A kraken (Shoals:3)
  13 ancient champions
  9 tentacled starspawn (Abyss:3)
  3 sphinxes
  The ghost of Selderis the Warrior, an adept GrFi of the Shining One (Depths:1)
  Agnes (Elf:1)
  A thorn hunter (Abyss:3)
  2 Executioners (Abyss:3)
  10 shadow dragons
  Kirke (Lair:4)
  The ghost of browni3141 the Imperceptible, an adept KoAr of Gozag (Depths:2)
  3 storm dragons
  9 tengu reavers
  10 fire giants
  Donald (Shoals:4)
  4 revenants
  22 frost giants
  9 deep elf sorcerers
  4 emperor scorpions
  An iron dragon (Vaults:4)
  5 deep elf elementalists (Elf:3)
  2 balrugs
  3 orc warlords
  5 ghouls
  Louise (Spider:1)
  A cacodemon (Hell)
  10 vault wardens
  6 ghost moths (Spider:4)
  An angel (Abyss:3)
  21 ironbound preservers
  7 ironbound thunderhulks
  A juggernaut zombie (Abyss:3)
  A draconian stormcaller (Depths:3)
  2 broodmothers
  8 reapers
  12 stone giants
  6 spriggan defenders
  A juggernaut skeleton (Crypt:3)
  11 vampire knights
  19 very ugly things
  4 war gargoyles
  2 black draconians
  An elemental wellspring (Hell)
  2 green draconians
  7 caustic shrike skeletons (Crypt:3)
  7 deep elf demonologists
  A purple draconian (Depths:4)
  2 lorocyprocas
  A white draconian (Depths:3)
  A minotaur (Gauntlet)
  20 dire elephants
  3 red draconians
  Azrael (Spider:2)
  4 deep elf annihilators
  4 spark wasps
  6 ettins
  8 deep elf death magi
  11 entropy weavers
  5 eidola
  2 crystal guardians
  11 jiangshi
  5 merfolk javelineers
  A blizzard demon (Hell)
  7 merfolk impalers
  10 deep elf high priests (Elf:3)
  6 fire dragons
  13 yaktaur captains
  3 spriggan zombies
  2 rakshasas
  35 vault guards
  4 hydras
  A caustic shrike simulacrum (IceCv)
  A juggernaut simulacrum (Hell)
  A radroach (Spider:2)
  A salamander tyrant (Geh:2)
  5 merfolk avatars
  6 spriggan air magi
  3 ice dragons
  6 ogre magi
  7 ironbound frosthearts
  A ghost crab (Gauntlet)
  4 catoblepae
  4 peacekeepers
  5 death knights
  5 merfolk aquamancers
  A stoker (Geh:1)
  5 spriggan skeletons
  7 boulder beetles
  5 deep troll shamans
  An alligator snapping turtle (Shoals:4)
  13 centaur warriors
  18 two-headed ogres
  10 dancing weapons
  4 satyrs
  6 tengu warriors
  12 death yaks
  7 vampire magi
  6 deep troll earth magi
  19 hell knights
  7 spriggan berserkers
  14 hell hogs
  3 orc high priests
  4 soul eaters
  6 thrashing horrors
  5 sun demons
  4 titan skeletons (Crypt:3)
  16 deep elf knights
  5 skysharks
  A spatial maelstrom (Abyss:3)
  4 wretched stars (Abyss:3)
  6 iron trolls
  3 shadow wraiths
  8 pharaoh ants
  A sixfirhy (Abyss:3)
  26 skeletal warriors
  A storm dragon skeleton (Crypt:3)
  58 deep trolls
  A shadow dragon zombie (Depths:1)
  12 sea snakes
  A flayed ghost (Crypt:3)
  3 bog bodies
  9 steelbarb worms
  10 orb spiders
  14 lindwurms
  A shadow demon (Abyss:2)
  A bunyip skeleton (Hell)
  An orange crystal statue (Crypt:2)
  14 phantasmal warriors
  10 deep elf archers
  An obsidian statue (IceCv)
  Pikel (D:5)
  34 harpies
  17 ironbound convokers
  7 wizards
  12 spriggan simulacra
  21 deep elf pyromancers
  16 orc knights
  17 manticores
  12 necromancers
  A sphinx zombie (Depths:1)
  17 deep elf zephyrmancers
  An eleionoma zombie (Crypt:1)
  32 ugly things
  An oklob plant (Gauntlet)
  24 wolf spiders
  2 orc sorcerers
  10 cyclopes
  14 fauns
  3 centaur zombies (D:15)
  2 moths of wrath
  A salamander (Depths:1)
  3 stone giant skeletons
  7 merfolk sirens
  A dire elephant zombie (Crypt:2)
  8 elephants
  3 guardian serpents (Abyss:3)
  5 demonic crawlers
  A naga zombie (Crypt:2)
  A naga mage (D:15)
  A naga skeleton (Crypt:2)
  3 black mambas
  3 worldbinders (Abyss:3)
  5 water nymphs
  2 apocalypse crabs (Abyss:3)
  19 vault sentinels
  10 cane toads
  A molten gargoyle (Volcano)
  A grey draconian zombie (Crypt:1)
  10 torpor snails
  3 smoke demons
  3 orange demons
  2 gargoyles
  3 dire elephant skeletons
  2 centaur skeletons
  4 komodo dragons
  2 hellions (Geh:2)
  28 yaktaurs
  3 efreet
  4 rime drakes
  A golden dragon simulacrum (Depths:2)
  16 ice devils
  3 unseen horrors
  12 freezing wraiths
  3 tengu conjurers
  A spark wasp simulacrum (Depths:2)
  4 anaconda simulacra
  2 guardian mummies (Depths:3)
  2 hellwings (Depths:2)
  5 ancient zymes (Abyss:3)
  6 meliai (Spider:3)
  14 trolls
  3 polar bears
  A polar bear (shapeshifter) (Elf:1)
  7 hornets
  26 merfolk
  25 tarantellas
  A raiju (Abyss:3)
  7 wind drakes
  A wolf spider simulacrum (D:15)
  4 harpy skeletons
  10 snapping turtles
  A hydra skeleton (Crypt:3)
  An iron dragon simulacrum (Hell)
  A fire dragon zombie (Crypt:2)
  A sphinx simulacrum (Depths:1)
  9 dream sheep
  16 culicivoras
  A centaur simulacrum (D:15)
  24 blink frogs
  7 flying skulls
  An air elemental (Elf:3)
  A guardian serpent skeleton (Crypt:1)
  7 ynoxinuls
  2 spriggans (Depths:3)
  25 jumping spiders
  2 meliai zombies
  12 wraiths
  3 wyverns
  A yak (shapeshifter) (Elf:1)
  3 shadows
  A black mamba skeleton (Crypt:3)
  A human (shapeshifter) (Elf:1)
  45 yaks
  4 dire elephant simulacra
  6 fire elementals
  5 humans (Lair:4)
  9 fire bats
  9 large abominations (Abyss:3)
  2 hogs (Lair:4)
  2 naga simulacra (Crypt:2)
  2 chaos spawn (Abyss:3)
  14 water elementals
  4 basilisks
  A steam dragon (D:6)
  A redback simulacrum (D:15)
  5 neqoxecs (Abyss:3)
  65 redbacks
  4 vampire mosquitoes (D:13)
  Menkaure (D:7)
  6 minotaur simulacra
  3 wargs
  4 acid dragons
  2 spatial vortices (Abyss:3)
  2 hydra simulacra (IceCv)
  8 hell hounds
  11 water moccasins
  A glowing shapeshifter skeleton (Depths:2)
  A black bear (Lair:5)
  26 orc warriors
  A faun skeleton (Crypt:2)
  A lindwurm zombie (Crypt:3)
  A sky beast (D:6)
  2 ettin simulacra (IceCv)
  A dream sheep zombie (Crypt:2)
  An ice dragon simulacrum (Crypt:2)
  25 ogres
  3 ice beasts
  3 alligator simulacra
  10 centaurs
  An elephant skeleton (Crypt:2)
  3 boggarts (D:15)
  A blink frog zombie (Crypt:1)
  A torpor snail zombie (Crypt:3)
  8 wolves
  A lemure (D:5)
  A phantom (D:7)
  6 earth elementals
  6 bullfrogs
  2 scorpions
  5 deep troll simulacra (IceCv)
  23 wights
  14 small abominations
  3 killer bees (D:10)
  3 lindwurm simulacra
  4 electric eels
  A jelly (Depths:3)
  7 howler monkeys
  A black bear zombie (Crypt:2)
  5 lava snakes (Volcano)
  19 orc priests
  5 hounds (D:5)
  17 starcursed masses (Abyss:3)
  Jessica (D:2)
  4 iguanas
  A sleepcap (D:6)
  19 orc wizards
  An acid dragon zombie (Crypt:2)
  A hound zombie (Crypt:2)
  A mummy (D:15)
  9 gnolls (Bailey)
  A howler monkey skeleton (Crypt:1)
  2 adders (D:5)
  2 white imps
  2 ufetubi (Abyss:1)
  3 dart slugs
  52 orcs
  An endoplasm (D:1)
  2 giant cockroaches (D:4)
  6 goblins
  3 hobgoblins
  5 quokkas
  9 ball pythons
  2 bats
  A frilled lizard (D:1)
  A jackal skeleton (Crypt:1)
  4 kobolds
  An orc skeleton (Crypt:1)
  A quokka skeleton (Crypt:3)
  5 rats
  11 fire vortices
  A fungus (Depths:2)
  A lurking horror (Abyss:3)
  A starspawn tentacle (Abyss:3)
  A tentacle (Shoals:3)
2114 creatures vanquished.

Vanquished Creatures (collateral kills)
  A dread lich (Vaults:4)
  A war gargoyle (Vaults:4)
  An ironbound preserver (Vaults:4)
  A crystal guardian (Vaults:4)
  A vault guard (Vaults:4)
  A peacekeeper (Vaults:4)
  A two-headed ogre (D:10)
  2 death yaks (Lair:4)
  2 orb spiders (Spider:4)
  A necromancer (Vaults:4)
  A tormentor (Depths:2)
  A ynoxinul (Depths:2)
  A yak (Lair:4)
  A shadow (D:10)
  3 redbacks
  A chaos spawn (Depths:2)
  A starcursed mass (Abyss:3)
21 creatures vanquished.

Vanquished Creatures (others)
  2 fire giants
  A stone giant (Depths:3)
  A white draconian (Depths:3)
  8 great orbs of eyes
  An ironbound frostheart (Vaults:1)
  A merfolk avatar (Shoals:3)
  A two-headed ogre (shapeshifter) (Vaults:5)
  A hell knight (Depths:3)
  A deep elf knight (Elf:2)
  A wretched star (Abyss:3)
  A glowing orange brain (Abyss:3)
  A deep troll (shapeshifter) (Vaults:5)
  2 harpies (Vaults:2)
  A lindwurm (shapeshifter) (Depths:3)
  An ironbound convoker (Vaults:1)
  2 deep elf pyromancers (Elf:1)
  An orc knight (Vaults:3)
  An oklob plant (Lair:2)
  An ugly thing (Vaults:3)
  A shining eye (shapeshifter) (D:14)
  A merfolk siren (Shoals:1)
  2 vault sentinels
  A smoke demon (Abyss:3)
  A guardian serpent (Abyss:3)
  A yaktaur (Vaults:1)
  A jumping spider (Spider:4)
  26 slime creatures
  A yak (Lair:4)
  2 wraiths
  A golden eye (Abyss:3)
  A redback (Spider:1)
  A hell hound (Hell)
  An orc warrior (Elf:3)
  A black bear (D:4)
  3 centaurs
  A small abomination (Abyss:3)
  A bullfrog (Lair:3)
  A naga simulacrum (Crypt:2)
  A wight (Crypt:3)
  302 jellies
  A crimson imp (Abyss:3)
  4 hounds
  A gnoll bouda (D:8)
  2 orc priests
  Terence (D:3)
  6 gnolls
  An adder (D:3)
  A shadow imp (D:7)
  6 ufetubi (D:9)
  11 orcs
  2 endoplasms (Abyss:3)
  A goblin (D:3)
  A kobold (D:4)
  A ball python zombie (D:3)
  A bat (D:3)
  A giant cockroach zombie (D:3)
  2 rats (D:3)
  A rat skeleton (Crypt:3)
  2 briar patches (Abyss:3)
  2 bushes
  A butterfly (Lair:5)
  A creeping inferno (Hell)
  6 foxfires (Abyss:3)
  69 fungi
  A lurking horror (Abyss:3)
  124 plants
  80 starspawn tentacles (Abyss:3)
  4 tentacles (Shoals:3)
  5 toadstools (Depths:2)
719 creatures vanquished.

Grand Total: 2854 creatures vanquished

Notes
Turn   | Place    | Note
-------+----------+-------------------------------------------
     0 | D:1      | testman the Human Wanderer began the quest for the Orb.
     0 | D:1      | testman set off with the following items: a +2 dagger, 4
                  | curare-tipped darts, a +0 hand axe, a +0 buckler, a potion
                  | of curing, a +0 leather armour.
     0 | D:1      | Reached XP level 1. HP: 16/16 MP: 1/1
   200 | D:1      | Reached skill level 1 in Short Blades
   258 | D:1      | Reached XP level 2. HP: 22/22 MP: 2/2
   765 | D:2      | Reached XP level 3. HP: 19/27 MP: 3/3
   868 | D:2      | Found a faded altar of an unknown god.
   905 | D:2      | Prayed at the altar of an unknown god.
   905 | D:2      | Became a worshipper of Jiyva Jouddoda the Shapeless
   905 | D:2      | Reached * piety under Jiyva
   971 | D:2      | Noticed Jessica
   980 | D:2      | Killed Jessica
   981 | D:2      | Reached XP level 4. HP: 33/33 MP: 4/4
  1543 | D:3      | Reached ** piety under Jiyva
  1705 | D:3      | Killed Terence
  2001 | D:3      | Found a basalt altar of Yredelemnul.
  2209 | D:4      | Found a broken altar of Ashenzari.
  2274 | D:4      | Reached *** piety under Jiyva
  2316 | D:4      | Noticed a scorpion
  2335 | D:4      | Killed a scorpion
  2336 | D:4      | Reached XP level 5. HP: 3/39 MP: 1/5
  2340 | D:4      | Noticed a black bear
  2345 | D:4      | Killed a black bear
  2346 | D:4      | Reached XP level 6. HP: 11/46 MP: 6/6
  2453 | D:4      | Found Oghuy's Antique Weapon Shoppe.
  2813 | D:4      | Gained mutation: You are partially covered in iridescent
                  | scales. (AC +2) [Jiyva's grace]
  2813 | D:4      | Gained mutation: You are mostly covered in iridescent
                  | scales. (AC +4) [Jiyva's grace]
  2813 | D:4      | Gained mutation: You are completely covered in iridescent
                  | scales. (AC +6) [Jiyva's grace]
  2813 | D:4      | Gained mutation: Your translucent skin slightly reduces
                  | your foes' accuracy. (Stealth+) [Jiyva's grace]
  2843 | D:5      | Entered Level 5 of the Dungeon
  2855 | D:5      | Reached skill level 3 in Fighting
  2996 | D:5      | Identified the +1 ring mail of Rationality {*Corrode rPois
                  | Regen+ Int-4}
  3046 | D:5      | Found a staircase to the Ecumenical Temple.
  3072 | D:5      | Noticed an ice beast
  3098 | D:5      | Killed an ice beast
  3099 | D:5      | Reached skill level 4 in Fighting
  3099 | D:5      | Reached XP level 7. HP: 53/54 MP: 7/7
  3403 | D:5      | Noticed Pikel
  3419 | D:5      | Killed Pikel
  3420 | D:5      | Reached skill level 5 in Fighting
  3510 | D:5      | Reached XP level 8. HP: 64/64 MP: 8/8
  3645 | D:5      | Reached **** piety under Jiyva
  3840 | D:6      | Reached skill level 6 in Fighting
  3874 | D:6      | Reached skill level 7 in Fighting
  3954 | D:6      | Reached skill level 8 in Fighting
  4126 | D:6      | Found Enocrus's Assorted Antiques.
  4149 | D:6      | Reached XP level 9. HP: 65/75 MP: 9/9
  4345 | D:7      | Found a flagged portal.
  4356 | Bailey   | Entered a bailey
  4562 | Bailey   | Reached skill level 9 in Fighting
  4801 | D:7      | Noticed Menkaure
  4807 | D:7      | Killed Menkaure
  5011 | D:7      | Lost mutation: You are completely covered in iridescent
                  | scales. (AC +6) [Jiyva's grace]
  5011 | D:7      | Gained mutation: You have a small jelly attached to you
                  | that senses nearby items. [Jiyva's grace]
  5011 | D:7      | Gained mutation: You have very sharp teeth. [Jiyva's grace]
  5011 | D:7      | Gained mutation: You have extremely sharp teeth. [Jiyva's
                  | grace]
  5011 | D:7      | Gained mutation: You have razor-sharp teeth. [Jiyva's
                  | grace]
  5060 | D:7      | Found an iron altar of Okawaru.
  5134 | D:7      | Found an ornate altar of the Wu Jian Council.
  5255 | D:8      | Reached skill level 10 in Fighting
  5477 | D:8      | Found a runed translucent gate.
  5478 | D:8      | Found a runed translucent gate.
  5479 | D:8      | Found a runed translucent gate.
  5480 | D:8      | Noticed porpoise's ghost (novice GnEn)
  5481 | D:8      | Noticed TheSexyCheese's ghost (novice TrFi)
  5481 | D:8      | Noticed baller8008's ghost (journeyman DECj)
  5481 | D:8      | Noticed Dittersdorf's ghost (novice GrFi)
  5509 | D:8      | Reached ***** piety under Jiyva
  6254 | D:9      | Noticed a two-headed ogre
  6254 | D:9      | Found a staircase to the Orcish Mines.
  6329 | D:8      | Slimified a two-headed ogre
  6329 | D:8      | a two-headed ogre changed into a slime creature
  6429 | D:9      | Reached skill level 11 in Fighting
  6579 | D:9      | Noticed an ice devil
  6581 | D:9      | Noticed an ice devil
  6581 | D:9      | Noticed an ice devil
  6583 | D:9      | Noticed an ice devil
  6584 | D:9      | Noticed an ice devil
  6584 | D:9      | Noticed an ice devil
  6584 | D:9      | Noticed an ice statue
  6613 | D:9      | Noticed a two-headed ogre
  6626 | D:9      | Killed a two-headed ogre
  6627 | D:9      | Reached XP level 10. HP: 65/89 MP: 10/10
  6771 | D:9      | Found a stormy altar of Qazlal.
  6771 | D:9      | Identified the +5 trident of Victory {holy, *Rage rN+ rCorr
                  | Stlth+}
  6774 | D:9      | Found a blossoming altar of Fedhas.
  7047 | D:10     | Entered Level 10 of the Dungeon
  7129 | D:10     | Reached skill level 12 in Fighting
  7211 | D:10     | Gained mutation: You have acidic saliva. [Jiyva's grace]
  7211 | D:10     | Gained mutation: Your mind is acute. (Int +4, Str/Dex -1)
                  | [Jiyva's grace]
  7211 | D:10     | Gained mutation: Your mind is very acute. (Int +8, Str/Dex
                  | -2) [Jiyva's grace]
  7211 | D:10     | Gained mutation: Your flesh is heat resistant. (rF+)
                  | [Jiyva's grace]
  7228 | D:10     | Found Docwet's Neck Hole.
  7274 | D:10     | Bought a scarf of repulsion for 168 gold pieces
  7324 | D:10     | Noticed a two-headed ogre
  7334 | D:10     | Killed a two-headed ogre
  7335 | D:10     | Reached skill level 13 in Fighting
  7365 | D:10     | Noticed a death yak
  7366 | D:10     | Found a staircase to the Lair.
  7366 | D:10     | Noticed a death yak
  7368 | D:10     | Noticed a death yak
  7391 | D:10     | Killed a death yak
  7396 | D:10     | Killed a death yak
  7397 | D:10     | Reached skill level 14 in Fighting
  7398 | D:10     | Reached XP level 11. HP: 97/101 MP: 11/11
  7419 | D:10     | Killed a death yak
  7425 | D:10     | Reached skill level 15 in Fighting
  8017 | D:11     | Noticed a manticore
  8032 | D:11     | Killed a manticore
  8069 | D:11     | Noticed a two-headed ogre
  8083 | D:11     | Killed a two-headed ogre
  8085 | D:11     | Reached skill level 16 in Fighting
  8353 | D:11     | Noticed a manticore
  8375 | D:11     | Killed a manticore
  8503 | D:12     | Noticed a two-headed ogre
  8515 | D:12     | Killed a two-headed ogre
  8541 | D:12     | Noticed Jorgrun
  8550 | D:12     | Killed Jorgrun
  8551 | D:12     | Reached skill level 17 in Fighting
  8551 | D:12     | Reached XP level 12. HP: 107/114 MP: 10/12
  9044 | Lair:1   | Entered Level 1 of the Lair of Beasts
  9244 | Lair:1   | Lost mutation: You have razor-sharp teeth. [Jiyva's grace]
  9244 | Lair:1   | Lost mutation: You have extremely sharp teeth. [Jiyva's
                  | grace]
  9244 | Lair:1   | Lost mutation: Your mind is very acute. (Int +8, Str/Dex
                  | -2) [Jiyva's grace]
  9244 | Lair:1   | Gained mutation: You passively dampen the noise of your
                  | surroundings. [Jiyva's grace]
  9244 | Lair:1   | Gained mutation: Your translucent skin reduces your foes'
                  | accuracy. (Stealth+) [Jiyva's grace]
  9244 | Lair:1   | Gained mutation: Your transparent skin significantly
                  | reduces your foes' accuracy. (Stealth+) [Jiyva's grace]
  9244 | Lair:1   | Gained mutation: Your body has grown eyes which may confuse
                  | attackers. (Acc +3) [Jiyva's grace]
  9419 | Lair:1   | Found a sacrificial altar of Ru.
  9614 | Lair:1   | Noticed a catoblepas
  9640 | Lair:1   | Killed a catoblepas
  9641 | Lair:1   | Reached skill level 1 in Armour
  9641 | Lair:1   | Reached skill level 1 in Dodging
 10073 | Lair:2   | Reached skill level 18 in Fighting
 10968 | Lair:3   | Reached ****** piety under Jiyva
 10981 | Lair:3   | Reached skill level 5 in Shields
 10981 | Lair:3   | Reached XP level 13. HP: 108/122 MP: 10/13
 11178 | Lair:3   | Noticed a catoblepas
 11180 | Lair:3   | Noticed a seven-headed hydra
 11181 | Lair:3   | Lost mutation: You have acidic saliva. [Jiyva's grace]
 11181 | Lair:3   | Lost mutation: Your transparent skin significantly reduces
                  | your foes' accuracy. (Stealth+) [Jiyva's grace]
 11181 | Lair:3   | Lost mutation: You have a small jelly attached to you that
                  | senses nearby items. [Jiyva's grace]
 11181 | Lair:3   | Gained mutation: You have sharp toenails. [Jiyva's grace]
 11181 | Lair:3   | Gained mutation: You have razor-sharp toenails. [Jiyva's
                  | grace]
 11181 | Lair:3   | Gained mutation: You have claws for feet. [Jiyva's grace]
 11181 | Lair:3   | Gained mutation: You have a small jelly attached to you
                  | that senses nearby items. [Jiyva's grace]
 11193 | Lair:3   | Killed a catoblepas
 11196 | Lair:3   | Killed a seven-headed hydra
 11333 | Lair:3   | Found a staircase to the Shoals.
 11702 | Lair:3   | Found a hole to the Spider Nest.
 11718 | Lair:3   | Reached skill level 5 in Armour
 11718 | Lair:3   | Reached skill level 5 in Dodging
 12218 | Lair:4   | Reached XP level 14. HP: 52/131 MP: 7/14
 12346 | Lair:4   | Noticed Kirke
 12366 | Lair:4   | Noticed a sphinx
 12370 | Lair:4   | Killed Kirke
 12448 | Lair:4   | Reached skill level 19 in Fighting
 12517 | Lair:4   | Found a staircase to the Slime Pits.
 12854 | Lair:4   | Lost mutation: You are mostly covered in iridescent scales.
                  | (AC +4) [Jiyva's grace]
 12854 | Lair:4   | Lost mutation: You passively dampen the noise of your
                  | surroundings. [Jiyva's grace]
 12854 | Lair:4   | Gained mutation: You are robust. (+10% HP) [Jiyva's grace]
 12854 | Lair:4   | Gained mutation: You are very robust. (+20% HP) [Jiyva's
                  | grace]
 12854 | Lair:4   | Gained mutation: You are extremely robust. (+30% HP)
                  | [Jiyva's grace]
 12854 | Lair:4   | Gained mutation: Your melee attacks may engulf your foes in
                  | ooze. [Jiyva's grace]
 13217 | Lair:5   | Entered Level 5 of the Lair of Beasts
 14599 | Lair:5   | Reached XP level 15. HP: 129/183 MP: 8/15
 14919 | Orc:1    | Entered Level 1 of the Orcish Mines
 14936 | Orc:1    | Found a dark tunnel.
 14945 | Volcano  | Entered a volcano
 15045 | Volcano  | Reached skill level 20 in Fighting
 15064 | Volcano  | Found a burning altar of Makhleb.
 15387 | Orc:1    | Found a burning altar of Makhleb.
 15435 | Orc:1    | Reached skill level 1 in Maces & Flails
 15722 | Orc:1    | Lost mutation: You have claws for feet. [Jiyva's grace]
 15722 | Orc:1    | Lost mutation: You have a small jelly attached to you that
                  | senses nearby items. [Jiyva's grace]
 15722 | Orc:1    | Gained mutation: You are agile. (Dex +4, Str/Int -1)
                  | [Jiyva's grace]
 15722 | Orc:1    | Gained mutation: You are very agile. (Dex +8, Str/Int -2)
                  | [Jiyva's grace]
 15722 | Orc:1    | Gained mutation: Your mind is very acute. (Int +8, Str/Dex
                  | -2) [Jiyva's grace]
 15722 | Orc:1    | Gained mutation: Your rubbery body absorbs attacks. (AC +1,
                  | EV +1) [Jiyva's grace]
 15753 | Orc:2    | Entered Level 2 of the Orcish Mines
 15756 | Orc:2    | Found a staircase to the Elven Halls.
 15890 | Orc:2    | Reached skill level 5 in Maces & Flails
 16421 | Orc:2    | Found Dumoqe's Magic Scroll Shop.
 16428 | Orc:2    | Reached skill level 10 in Maces & Flails
 16437 | Orc:2    | Found Akya's Assorted Antiques.
 16464 | Orc:2    | Paralysed by something for 5 turns
 16479 | Orc:2    | Found Umiklong's Antique Weapon Shoppe.
 16489 | Orc:2    | Bought a scroll of identify for 24 gold pieces
 16489 | Orc:2    | Bought a scroll of identify for 24 gold pieces
 16489 | Orc:2    | Bought a scroll of fear for 48 gold pieces
 16492 | Orc:2    | Found Guewetwa's Distillery.
 16500 | Orc:2    | Bought a potion of resistance for 150 gold pieces
 16631 | Orc:2    | Bought a scroll of acquirement for 624 gold pieces
 16631 | Orc:2    | Acquired a +2 demon whip of electrocution
 16641 | Orc:2    | Bought a scroll of enchant weapon for 90 gold pieces
 16641 | Orc:2    | Bought a scroll of blinking for 90 gold pieces
 16641 | Orc:2    | Bought a scroll of blinking for 90 gold pieces
 16655 | Orc:2    | Bought a potion of flight for 45 gold pieces
 16887 | D:13     | Found a gate leading to a gauntlet.
 16903 | Gauntlet | Entered a Gauntlet
 16903 | Gauntlet | Found a transporter.
 16903 | Gauntlet | Found a transporter.
 16921 | Gauntlet | Found a transporter.
 16925 | Gauntlet | Found a transporter.
 16935 | Gauntlet | Found a transporter.
 16939 | Gauntlet | Found a transporter.
 16943 | Gauntlet | Found a runed translucent door.
 16945 | Gauntlet | Found a runed translucent door.
 16948 | Gauntlet | Found a transporter.
 16961 | Gauntlet | Found a runed translucent door.
 16965 | Gauntlet | Found a transporter.
 16984 | Gauntlet | Found a transporter.
 16988 | Gauntlet | Found a transporter.
 16998 | Gauntlet | Found a transporter.
 17002 | Gauntlet | Found a transporter.
 17162 | Gauntlet | Identified the +0 tower shield of Pride {Fly rF- Will+++
                  | MP+9}
 17162 | Gauntlet | Identified the ring of Sohit {rPois Int-2 Dex+4}
 17199 | Gauntlet | Identified the +1 ring mail of the Heavens {*Slow rF+
                  | Dex+5}
 17339 | D:13     | Reached XP level 16. HP: 195/195 MP: 16/16
 17550 | D:13     | Lost mutation: You have razor-sharp toenails. [Jiyva's
                  | grace]
 17550 | D:13     | Gained mutation: You possess an exceptional clarity of
                  | mind. [Jiyva's grace]
 17550 | D:13     | Gained mutation: You have acidic saliva. [Jiyva's grace]
 17550 | D:13     | Gained mutation: You passively map a small area around you.
                  | [Jiyva's grace]
 17550 | D:13     | Gained mutation: You passively map the area around you.
                  | [Jiyva's grace]
 17680 | D:14     | Found a shimmering altar of Xom.
 17683 | D:14     | Found a shimmering altar of Xom.
 17683 | D:14     | Found a broken altar of Ashenzari.
 17685 | D:14     | Found a blossoming altar of Fedhas.
 17685 | D:14     | Found a shadowy altar of Dithmenos.
 17685 | D:14     | Found a snail-covered altar of Cheibriados.
 17690 | D:14     | Identified the +1 rapier of Myuxtull {flame, rF+ Will+}
 18044 | D:14     | Reached skill level 10 in Shields
 18072 | D:14     | Found a gate to the Vaults.
 18233 | D:15     | Entered Level 15 of the Dungeon
 18529 | D:15     | Found a snail-covered altar of Cheibriados.
 18785 | D:15     | Found a staircase to the Depths.
 18987 | Slime:1  | Entered Level 1 of the Pits of Slime
 18987 | Slime:1  | Noticed an azure jelly
 18988 | Slime:1  | Noticed an acid blob
 19004 | Slime:2  | Noticed an azure jelly
 19013 | Slime:3  | Noticed a rockslime
 19015 | Slime:3  | Noticed an acid blob
 19024 | Slime:4  | Noticed a rockslime
 19030 | Slime:5  | Entered Level 5 of the Pits of Slime
 19030 | Slime:5  | Noticed a rockslime
 19044 | Slime:5  | Found a viscous altar of Jiyva.
 19044 | Slime:5  | Noticed a rockslime
 19045 | Slime:5  | Noticed an acid blob
 19045 | Slime:5  | Noticed an acid blob
 19045 | Slime:5  | Found the +9 sword of Zonguldrok {reap}
 19046 | Slime:5  | Noticed the Royal Jelly
 19048 | Slime:5  | Identified the +5 mace of the Poles {distort, *Slow rElec
                  | rC+}
 19048 | Slime:5  | Noticed an azure jelly
 19049 | Slime:5  | Noticed an azure jelly
 19051 | Slime:5  | Identified the +5 short sword "Paenacs" {chaos, *Slow Str+6
                  | Dex+3}
 19059 | Slime:5  | Identified the +6 rapier of Patterns {flame, Fragile +Blink
                  | rPois rN+++}
 19061 | Slime:5  | Identified the +5 shortbow "Rauzol" {freeze, Str+3 Int+2}
 19064 | Slime:5  | Noticed an acid blob
 19068 | Slime:5  | Identified the +3 rapier "Maingaeff" {speed, Int+4}
 19071 | Slime:5  | Got a slimy rune of Zot
 19072 | Slime:5  | Identified the ring of Nuuduz Kicesm {rElec MP+9 Int+7}
 19074 | Slime:5  | Identified the +3 scale mail of Valour {rElec rC+}
 19080 | Slime:5  | Noticed an acid blob
 19090 | Slime:5  | Noticed a rockslime
 19098 | Slime:5  | Noticed an acid blob
 19245 | Slime:5  | Noticed an acid blob
 19306 | Slime:5  | Noticed a rockslime
 19368 | Slime:4  | Noticed an acid blob
 19551 | Slime:3  | Noticed an acid blob
 19664 | Slime:3  | Noticed an acid blob
 19711 | Slime:2  | Noticed an azure jelly
 19897 | Slime:2  | Noticed an acid blob
 19925 | Slime:2  | Noticed an acid blob
 20106 | Slime:1  | Noticed an acid blob
 20270 | Lair:4   | Upgraded the game from 0.30-a0-859-gf88a04b62d to
                  | 0.30-a0-860-g512cf1e979
 20343 | Spider:1 | Entered Level 1 of the Spider Nest
 20737 | Spider:1 | Noticed an emperor scorpion
 20752 | Spider:1 | Killed an emperor scorpion
 20754 | Spider:1 | Acquired a manual of Armour
 20842 | Spider:1 | Reached XP level 17. HP: 187/202 MP: 17/17
 20939 | Spider:1 | Noticed Louise
 20950 | Spider:1 | Killed Louise
 21178 | Spider:1 | Reached skill level 10 in Armour
 21186 | Spider:1 | Noticed Asterion
 21207 | Spider:1 | Killed Asterion
 21465 | Spider:2 | Lost mutation: You have very sharp teeth. [Jiyva's grace]
 21465 | Spider:2 | Lost mutation: You are partially covered in iridescent
                  | scales. (AC +2) [Jiyva's grace]
 21465 | Spider:2 | Lost mutation: You possess an exceptional clarity of mind.
                  | [Jiyva's grace]
 21465 | Spider:2 | Lost mutation: Your mind is very acute. (Int +8, Str/Dex
                  | -2) [Jiyva's grace]
 21465 | Spider:2 | Lost mutation: You passively map the area around you.
                  | [Jiyva's grace]
 21465 | Spider:2 | Lost mutation: Your melee attacks may engulf your foes in
                  | ooze. [Jiyva's grace]
 21465 | Spider:2 | Gained mutation: Your pliable body absorbs attacks. (AC +2,
                  | EV +2) [Jiyva's grace]
 21465 | Spider:2 | Gained mutation: Your gelatinous body deflects attacks. (AC
                  | +3, EV +3) [Jiyva's grace]
 21465 | Spider:2 | Gained mutation: Your body has grown many eyes which may
                  | confuse attackers. (Acc +5) [Jiyva's grace]
 21465 | Spider:2 | Gained mutation: Your body is covered in eyes which may
                  | confuse attackers. (Acc +7, SInv) [Jiyva's grace]
 21955 | Spider:2 | Noticed Azrael
 21968 | Spider:2 | Killed Azrael
 22374 | Spider:3 | Reached skill level 15 in Shields
 23125 | Spider:4 | Entered Level 4 of the Spider Nest
 23273 | Spider:4 | Reached XP level 18. HP: 210/213 MP: 18/18
 23796 | Spider:4 | Reached skill level 15 in Armour
 23966 | Spider:4 | Identified the +1 hat of Ru, Protecting {Str+3}
 23982 | Spider:4 | Got a gossamer rune of Zot
 24099 | Spider:4 | Lost mutation: You are very agile. (Dex +8, Str/Int -2)
                  | [Jiyva's grace]
 24099 | Spider:4 | Lost mutation: You are extremely robust. (+30% HP) [Jiyva's
                  | grace]
 24099 | Spider:4 | Lost mutation: Your body is covered in eyes which may
                  | confuse attackers. (Acc +7, SInv) [Jiyva's grace]
 24099 | Spider:4 | Gained mutation: You have a pair of small antennae on your
                  | head. [Jiyva's grace]
 24099 | Spider:4 | Gained mutation: You have a pair of antennae on your head.
                  | [Jiyva's grace]
 24099 | Spider:4 | Gained mutation: You have a pair of large antennae on your
                  | head. (SInv) [Jiyva's grace]
 24099 | Spider:4 | Gained mutation: You have razor-sharp toenails. [Jiyva's
                  | grace]
 24449 | Shoals:1 | Entered Level 1 of the Shoals
 24831 | Shoals:1 | You are sucked into a shaft and drop 1 floor!
 25420 | Shoals:1 | Lost mutation: You have razor-sharp toenails. [Jiyva's
                  | grace]
 25420 | Shoals:1 | Lost mutation: Your flesh is heat resistant. (rF+) [Jiyva's
                  | grace]
 25420 | Shoals:1 | Lost mutation: You have acidic saliva. [Jiyva's grace]
 25420 | Shoals:1 | Lost mutation: Your body has grown many eyes which may
                  | confuse attackers. (Acc +5) [Jiyva's grace]
 25420 | Shoals:1 | Gained mutation: Your muscles are strong. (Str +4, Int/Dex
                  | -1) [Jiyva's grace]
 25420 | Shoals:1 | Gained mutation: Your muscles are very strong. (Str +8,
                  | Int/Dex -2) [Jiyva's grace]
 25420 | Shoals:1 | Gained mutation: You expend magic power (3 MP) to
                  | strengthen your wands. [Jiyva's grace]
 25420 | Shoals:1 | Gained mutation: Armour fits poorly on your pseudopods.
                  | [Jiyva's grace]
 25596 | Shoals:1 | Reached XP level 19. HP: 204/204 MP: 19/19
 26968 | Shoals:4 | Entered Level 4 of the Shoals
 27057 | Shoals:4 | Found a frozen archway.
 27075 | IceCv    | Entered an ice cave
 27148 | IceCv    | Reached skill level 21 in Fighting
 27652 | IceCv    | Noticed an Ice Fiend
 27699 | IceCv    | Killed an Ice Fiend
 28324 | Shoals:4 | Identified the ring of the Wizarding Gods {rPois rC+}
 28338 | Shoals:4 | Lost mutation: You are very robust. (+20% HP) [Jiyva's
                  | grace]
 28338 | Shoals:4 | Lost mutation: Your muscles are very strong. (Str +8,
                  | Int/Dex -2) [Jiyva's grace]
 28338 | Shoals:4 | Lost mutation: Your muscles are strong. (Str +4, Int/Dex
                  | -1) [Jiyva's grace]
 28338 | Shoals:4 | Lost mutation: Your gelatinous body deflects attacks. (AC
                  | +3, EV +3) [Jiyva's grace]
 28338 | Shoals:4 | Lost mutation: Your pliable body absorbs attacks. (AC +2,
                  | EV +2) [Jiyva's grace]
 28338 | Shoals:4 | Lost mutation: Your translucent skin reduces your foes'
                  | accuracy. (Stealth+) [Jiyva's grace]
 28338 | Shoals:4 | Lost mutation: You expend magic power (3 MP) to strengthen
                  | your wands. [Jiyva's grace]
 28338 | Shoals:4 | Gained mutation: You have an increased reservoir of magic.
                  | (+10% MP) [Jiyva's grace]
 28338 | Shoals:4 | Gained mutation: You have a considerably increased
                  | reservoir of magic. (+20% MP) [Jiyva's grace]
 28338 | Shoals:4 | Gained mutation: You have a greatly increased reservoir of
                  | magic. (+30% MP) [Jiyva's grace]
 28338 | Shoals:4 | Gained mutation: Your muscles are strong. (Str +4, Int/Dex
                  | -1) [Jiyva's grace]
 28496 | Shoals:4 | Got a barnacled rune of Zot
 28571 | Shoals:4 | Noticed Donald
 28581 | Shoals:4 | Killed Donald
 28582 | Shoals:4 | Reached skill level 15 in Maces & Flails
 28675 | Shoals:4 | Identified the +8 quarterstaff of Upheaval {chaos, rF+
                  | Will+ Int+4}
 28693 | Shoals:4 | Reached XP level 20. HP: 198/198 MP: 26/26
 29424 | Vaults:1 | Entered Level 1 of the Vaults
 30177 | Vaults:1 | Acquired 580 gold pieces
 30920 | Vaults:2 | Reached skill level 1 in Evocations
 31080 | Vaults:2 | Reached XP level 21. HP: 182/206 MP: 27/27
 31236 | Vaults:2 | Reached skill level 22 in Fighting
 31370 | Vaults:2 | Lost mutation: You have a pair of large antennae on your
                  | head. (SInv) [Jiyva's grace]
 31370 | Vaults:2 | Lost mutation: You have a greatly increased reservoir of
                  | magic. (+30% MP) [Jiyva's grace]
 31370 | Vaults:2 | Gained mutation: You have a small jelly attached to you
                  | that may absorb projectiles. [Jiyva's grace]
 31370 | Vaults:2 | Gained mutation: Your pliable body absorbs attacks. (AC +2,
                  | EV +2) [Jiyva's grace]
 31370 | Vaults:2 | Gained mutation: Your gelatinous body deflects attacks. (AC
                  | +3, EV +3) [Jiyva's grace]
 31370 | Vaults:2 | Gained mutation: Armour fits poorly on your large
                  | pseudopods. [Jiyva's grace]
 31566 | Vaults:2 | Found Liklaf's Armour Shoppe.
 32342 | Vaults:3 | Found a staircase to the Crypt.
 32342 | Vaults:3 | Found a basalt altar of Yredelemnul.
 32342 | Vaults:3 | Found an ancient bone altar of Kikubaaqudgha.
 32849 | Vaults:3 | Reached skill level 5 in Evocations
 32877 | Vaults:3 | Reached skill level 10 in Dodging
 33327 | Vaults:4 | Reached XP level 22. HP: 153/217 MP: 26/26
 33637 | Vaults:4 | Lost mutation: You have a considerably increased reservoir
                  | of magic. (+20% MP) [Jiyva's grace]
 33637 | Vaults:4 | Lost mutation: You have sharp toenails. [Jiyva's grace]
 33637 | Vaults:4 | Gained mutation: You have large cloven feet. [Jiyva's
                  | grace]
 33637 | Vaults:4 | Gained mutation: You have hoof-like feet. [Jiyva's grace]
 33637 | Vaults:4 | Gained mutation: You have hooves in place of feet. [Jiyva's
                  | grace]
 33637 | Vaults:4 | Gained mutation: Your muscles are very strong. (Str +8,
                  | Int/Dex -2) [Jiyva's grace]
 34911 | Elf:1    | Entered Level 1 of the Elven Halls
 34984 | Elf:1    | Found Okhlajoets's Armour Emporium.
 35008 | Elf:1    | Found an ancient bone altar of Kikubaaqudgha.
 35016 | Elf:1    | Noticed Agnes
 35027 | Elf:1    | Killed Agnes
 35077 | Elf:1    | Lost mutation: You have a pair of antennae on your head.
                  | [Jiyva's grace]
 35077 | Elf:1    | Lost mutation: You have a pair of small antennae on your
                  | head. [Jiyva's grace]
 35077 | Elf:1    | Lost mutation: You have an increased reservoir of magic.
                  | (+10% MP) [Jiyva's grace]
 35077 | Elf:1    | Gained mutation: You are very robust. (+20% HP) [Jiyva's
                  | grace]
 35077 | Elf:1    | Gained mutation: You are extremely robust. (+30% HP)
                  | [Jiyva's grace]
 35077 | Elf:1    | Gained mutation: Your flesh is heat resistant. (rF+)
                  | [Jiyva's grace]
 35077 | Elf:1    | Gained mutation: Your flesh is very heat resistant. (rF++)
                  | [Jiyva's grace]
 35210 | Elf:1    | Identified the +3 cloak of Omauwk {Will++}
 35229 | Elf:1    | Acquired 845 gold pieces
 36009 | Elf:2    | Found a runed translucent gate.
 36009 | Elf:2    | Found a runed translucent gate.
 36014 | Elf:2    | Found a runed translucent gate.
 36234 | Elf:3    | Entered Level 3 of the Elven Halls
 36247 | Elf:3    | Paralysed by an air elemental for 1 turns
 36319 | Elf:3    | Found Donilof's Antique Weapon Shop.
 36538 | Elf:3    | Found a shimmering blue altar of Sif Muna.
 36664 | Elf:3    | Found a flickering gateway to a bazaar.
 36677 | Bazaar   | Entered a bazaar
 36733 | Bazaar   | Found Goim's Book Emporium.
 36765 | Bazaar   | Found Zilionn's Distillery.
 36793 | Bazaar   | Found Vesafil's Antique Armour Shoppe.
 36842 | Bazaar   | Found Loid's Antique Weapon Shoppe.
 36872 | Bazaar   | Found Heqierin's Distillery.
 36897 | Bazaar   | Bought a book of Spatial Translocations for 234 gold pieces
 36897 | Bazaar   | Bought a manual of Dodging for 1040 gold pieces
 36927 | Bazaar   | Bought a potion of cancellation for 80 gold pieces
 36927 | Bazaar   | Bought a potion of might for 40 gold pieces
 36927 | Bazaar   | Bought a potion of cancellation for 80 gold pieces
 36927 | Bazaar   | Bought a potion of mutation for 80 gold pieces
 36941 | Bazaar   | Bought a potion of heal wounds for 50 gold pieces
 37397 | Elf:3    | Reached XP level 23. HP: 266/266 MP: 23/23
 37481 | Elf:3    | Reached skill level 23 in Fighting
 37634 | Elf:3    | Identified the +4 long sword of Woe {protect, rC- MP+9
                  | Dex+7 Stlth+}
 37634 | Elf:3    | Identified the amulet "Mizasol" {Regen+ Int+4}
 37677 | Elf:3    | Identified the +6 ring mail of the Moon Troll {Harm rElec
                  | Dex+2}
 37701 | Elf:3    | Identified the +2 long sword "Fumirph" {flame, Fly}
 37712 | Elf:3    | Identified the ring of Idebb {rPois Will+ Str+3 Dex-3
                  | Stlth-}
 37836 | Elf:3    | Identified the ring of Happiness {rF+ Will+ MP+9 Int+6}
 37926 | Elf:3    | Found the +3 pair of gauntlets of War {Slay+5}
 37931 | Elf:3    | Identified the +0 scale mail of Mumnaam {rElec Int+3}
 37931 | Elf:3    | Found the +4 skin of Zhor {*Englaciate rC+++ SInv}
 37944 | Elf:3    | Identified the amulet of Masausm {Acrobat Str+2 Int+3
                  | Dex-2}
 38308 | Depths:1 | Entered Level 1 of the Depths
 38393 | Depths:1 | Found a one-way gateway to a ziggurat.
 38403 | Depths:1 | Lost mutation: You have hooves in place of feet. [Jiyva's
                  | grace]
 38403 | Depths:1 | Lost mutation: You have hoof-like feet. [Jiyva's grace]
 38403 | Depths:1 | Lost mutation: Your flesh is very heat resistant. (rF++)
                  | [Jiyva's grace]
 38403 | Depths:1 | Lost mutation: You passively map a small area around you.
                  | [Jiyva's grace]
 38403 | Depths:1 | Lost mutation: You have a small jelly attached to you that
                  | may absorb projectiles. [Jiyva's grace]
 38403 | Depths:1 | Gained mutation: Your body has grown many eyes which may
                  | confuse attackers. (Acc +5) [Jiyva's grace]
 38403 | Depths:1 | Gained mutation: Your body is covered in eyes which may
                  | confuse attackers. (Acc +7, SInv) [Jiyva's grace]
 38403 | Depths:1 | Gained mutation: Your spells are a little harder to cast,
                  | but a little more powerful. [Jiyva's grace]
 38403 | Depths:1 | Gained mutation: Your spells are harder to cast, but more
                  | powerful. [Jiyva's grace]
 38668 | Depths:1 | Found a runed translucent door.
 38668 | Depths:1 | Noticed Selderis's ghost (adept GrFi)
 38758 | Depths:1 | Killed Selderis's ghost
 38777 | Depths:1 | Got the Discourse on the Mesa
 38778 | Depths:1 | Identified the +2 hat "Areog" {+Blink SInv}
 38811 | Depths:1 | Found Vatu's General Store.
 39110 | Depths:1 | Found Giowkec's Jewellery Shoppe.
 39112 | Depths:1 | Found Guurhum's Magic Scroll Shop.
 39113 | Depths:1 | Found Vaesuloc's Serpentskin Sales.
 39142 | Depths:1 | Bought the amulet "Ucuehip" {Reflect SH+5 SInv} for 494
                  | gold pieces
 39158 | Depths:1 | Found a gateway to Hell.
 39314 | Depths:1 | Bought a potion of resistance for 170 gold pieces
 39314 | Depths:1 | Bought a scroll of enchant armour for 127 gold pieces
 39491 | Depths:2 | Found a one-way gate to the infinite horrors of the Abyss.
 39558 | Depths:2 | Found a runed translucent door.
 39560 | Depths:2 | Noticed browni3141's ghost (adept KoAr)
 39593 | Depths:2 | Killed browni3141's ghost
 39685 | Depths:2 | Found Iluxkexko's Distillery.
 39794 | Depths:2 | Found a one-way gate leading to the halls of Pandemonium.
 39874 | Depths:2 | Upgraded the game from 0.30-a0-860-g512cf1e979 to
                  | 0.30-a0-862-g1aabd4f9c5
 40079 | Depths:2 | Found Jiapaus's Jewellery Shoppe.
 40079 | Depths:2 | Found Tynibla's Book Shop.
 40080 | Depths:2 | Found Atzuchur's Book Shop.
 40272 | Depths:2 | Found a runed translucent door.
 40324 | Depths:2 | Reached XP level 24. HP: 279/279 MP: 23/23
 40527 | Depths:3 | Noticed a golden dragon
 40538 | Depths:3 | Noticed a golden dragon
 40555 | Depths:3 | Killed a golden dragon
 40559 | Depths:3 | Killed a golden dragon
 40606 | Depths:2 | Reached skill level 10 in Evocations
 40917 | Depths:2 | Bought a manual of Shields for 1920 gold pieces
 40965 | Depths:3 | Lost mutation: Your gelatinous body deflects attacks. (AC
                  | +3, EV +3) [Jiyva's grace]
 40965 | Depths:3 | Lost mutation: Armour fits poorly on your large pseudopods.
                  | [Jiyva's grace]
 40965 | Depths:3 | Gained mutation: You possess an exceptional clarity of
                  | mind. [Jiyva's grace]
 40965 | Depths:3 | Gained mutation: You are somewhat resistant to further
                  | mutation. [Jiyva's grace]
 40965 | Depths:3 | Gained mutation: You are somewhat resistant to both further
                  | mutation and mutation removal. [Jiyva's grace]
 40965 | Depths:3 | Gained mutation: You are almost entirely resistant to
                  | further mutation and mutation removal. [Jiyva's grace]
 40967 | Depths:3 | Found an iron altar of Okawaru.
 41061 | Depths:3 | Identified the +1 ring mail of a bazaar {Int+4}
 41072 | Depths:3 | Identified the amulet of Coeph {RegenMP Harm rN+}
 41078 | Depths:3 | Noticed a juggernaut
 41094 | Depths:3 | Killed a juggernaut
 41329 | Depths:3 | Found a portal to a secret trove of treasure.
 41349 | Depths:3 | You showed the slimy rune of Zot to enter a treasure trove
 41350 | Trove    | Entered a treasure trove
 41364 | Trove    | Got Sif Muna's Writings on the Ground and the Salvo
 41380 | Trove    | Got Sif Muna's Atlas of Tropical Virulence
 41628 | Depths:3 | Noticed a golden dragon
 41632 | Depths:3 | a golden dragon changed into a caustic shrike
 41632 | Depths:3 | Noticed a caustic shrike (glowing shapeshifter)
 41633 | Depths:3 | a caustic shrike changed into an iron giant
 41637 | Depths:3 | an iron giant changed into a caustic shrike
 41637 | Depths:3 | Noticed a caustic shrike (glowing shapeshifter)
 41641 | Depths:3 | a caustic shrike changed into an iron giant
 41677 | Depths:4 | Entered Level 4 of the Depths
 41977 | Depths:3 | Reached skill level 15 in Dodging
 42346 | Depths:3 | Lost mutation: Your spells are harder to cast, but more
                  | powerful. [mutagenic glow]
 42603 | Depths:4 | Noticed the Enchantress
 42837 | Depths:4 | Killed the Enchantress
 43006 | Depths:4 | Found a gate to the Realm of Zot.
 43053 | Depths:4 | Noticed a golden dragon
 43064 | Depths:4 | Killed a golden dragon
 43387 | Depths:3 | Voluntarily entered the Abyss.
 43388 | Abyss:1  | Found a corrupted altar of Lugonu.
 43482 | Abyss:1  | Found a corrupted altar of Lugonu.
 43541 | Abyss:3  | Lost mutation: Your mind is acute. (Int +4, Str/Dex -1)
                  | [Jiyva's grace]
 43541 | Abyss:3  | Lost mutation: You are almost entirely resistant to further
                  | mutation and mutation removal. [Jiyva's grace]
 43541 | Abyss:3  | Lost mutation: You are somewhat resistant to both further
                  | mutation and mutation removal. [Jiyva's grace]
 43541 | Abyss:3  | Lost mutation: Your muscles are very strong. (Str +8,
                  | Int/Dex -2) [Jiyva's grace]
 43541 | Abyss:3  | Lost mutation: Your body is covered in eyes which may
                  | confuse attackers. (Acc +7, SInv) [Jiyva's grace]
 43541 | Abyss:3  | Lost mutation: Armour fits poorly on your pseudopods.
                  | [Jiyva's grace]
 43541 | Abyss:3  | Gained mutation: You expend magic power (3 MP) to
                  | strengthen your wands. [Jiyva's grace]
 43541 | Abyss:3  | Gained mutation: You are covered in slimy tendrils that may
                  | disarm your opponents. [Jiyva's grace]
 43541 | Abyss:3  | Gained mutation: Your flesh is very heat resistant. (rF++)
                  | [Jiyva's grace]
 43541 | Abyss:3  | Gained mutation: Your flesh is almost immune to the effects
                  | of heat. (rF+++) [Jiyva's grace]
 43585 | Abyss:3  | Reached XP level 25. HP: 285/286 MP: 23/23
 43753 | Abyss:3  | Paralysed by accursed screaming for 1 turns
 43985 | Abyss:3  | Reached skill level 24 in Fighting
 44655 | Abyss:3  | Found a corrupted altar of Lugonu.
 44731 | Abyss:3  | Got an abyssal rune of Zot
 44873 | Abyss:3  | Lost mutation: Your flesh is almost immune to the effects
                  | of heat. (rF+++) [Jiyva's grace]
 44873 | Abyss:3  | Lost mutation: Your flesh is very heat resistant. (rF++)
                  | [Jiyva's grace]
 44873 | Abyss:3  | Lost mutation: You are extremely robust. (+30% HP) [Jiyva's
                  | grace]
 44873 | Abyss:3  | Lost mutation: Your muscles are strong. (Str +4, Int/Dex
                  | -1) [Jiyva's grace]
 44873 | Abyss:3  | Lost mutation: Your body has grown many eyes which may
                  | confuse attackers. (Acc +5) [Jiyva's grace]
 44873 | Abyss:3  | Lost mutation: Your body has grown eyes which may confuse
                  | attackers. (Acc +3) [Jiyva's grace]
 44873 | Abyss:3  | Lost mutation: Your pliable body absorbs attacks. (AC +2,
                  | EV +2) [Jiyva's grace]
 44873 | Abyss:3  | Lost mutation: You are covered in slimy tendrils that may
                  | disarm your opponents. [Jiyva's grace]
 44873 | Abyss:3  | Lost mutation: You expend magic power (3 MP) to strengthen
                  | your wands. [Jiyva's grace]
 44873 | Abyss:3  | Gained mutation: Your mind is acute. (Int +4, Str/Dex -1)
                  | [Jiyva's grace]
 44873 | Abyss:3  | Gained mutation: Your mind is very acute. (Int +8, Str/Dex
                  | -2) [Jiyva's grace]
 44873 | Abyss:3  | Gained mutation: Your translucent skin reduces your foes'
                  | accuracy. (Stealth+) [Jiyva's grace]
 44873 | Abyss:3  | Gained mutation: Your transparent skin significantly
                  | reduces your foes' accuracy. (Stealth+) [Jiyva's grace]
 44883 | Depths:3 | Escaped the Abyss
 45226 | Vaults:5 | Entered Level 5 of the Vaults
 45226 | Vaults:5 | Noticed a dread lich
 45227 | Vaults:5 | Noticed a dread lich
 45385 | Vaults:5 | Identified the amulet "Goowag" {Faith rElec rPois}
 45407 | Vaults:4 | Killed a dread lich
 45485 | Vaults:4 | Killed a dread lich
 45648 | Vaults:5 | Noticed Mennas
 45726 | Vaults:4 | Killed Mennas
 45740 | Vaults:5 | Noticed Xtahua
 45779 | Vaults:5 | Noticed Sojobo
 45809 | Vaults:5 | Identified the +1 trident of the Final Chapter {spect,
                  | *Noise rElec rN+ Int+3}
 45827 | Vaults:5 | Identified the +10 morningstar "Turriwam" {freeze, Drain
                  | rN+ Str+7}
 45916 | Vaults:5 | Identified the +5 plate armour of Makhleb, Growing {+Blink
                  | rPois rN+ Int-2}
 45977 | Vaults:5 | Reached XP level 26. HP: 273/279 MP: 23/23
 45998 | Vaults:5 | Killed Xtahua
 46040 | Vaults:5 | Noticed Saint Roka
 46076 | Vaults:5 | Killed Saint Roka
 46150 | Vaults:5 | Noticed an ancient lich
 46298 | Vaults:4 | Killed an ancient lich
 46389 | Vaults:4 | Upgraded the game from 0.30-a0-862-g1aabd4f9c5 to
                  | 0.30-a0-870-gc5d4c5acee
 46413 | Vaults:4 | Reached skill level 15 in Evocations
 46428 | Vaults:5 | Paralysed by an air elemental for 1 turns
 46450 | Vaults:5 | Paralysed by an air elemental for 1 turns
 46469 | Vaults:4 | Killed Sojobo
 46906 | Vaults:5 | Identified the +2 shortbow of the Mushroom {freeze, Will+
                  | Str+2 Dex-3 SInv}
 46908 | Vaults:5 | Got Leupyahy's Anthology of Victory
 47005 | Vaults:5 | Got the Atlas of Congelation and Gloom
 47006 | Vaults:5 | Identified the +2 pair of gloves "Bumowem" {Str+2}
 47305 | Vaults:5 | Identified the ring of Teno Alo {+Blink MP+9 Stlth+}
 47389 | Vaults:5 | Got a silver rune of Zot
 47545 | Vaults:5 | Upgraded the game from 0.30-a0-870-gc5d4c5acee to
                  | 0.30-a0-879-ga8ba668304
 47646 | Crypt:1  | Entered Level 1 of the Crypt
 47843 | Crypt:1  | Identified the +11 plate armour "Kiataut" {rC+ rN++ Regen+
                  | rCorr}
 48636 | Crypt:2  | Got the Catalogue of Creeping Causimancy
 48725 | Crypt:2  | Reached XP level 27. HP: 288/288 MP: 23/23
 48759 | Crypt:2  | Lost mutation: You possess an exceptional clarity of mind.
                  | [Jiyva's grace]
 48759 | Crypt:2  | Lost mutation: Your mind is very acute. (Int +8, Str/Dex
                  | -2) [Jiyva's grace]
 48759 | Crypt:2  | Lost mutation: Your spells are a little harder to cast, but
                  | a little more powerful. [Jiyva's grace]
 48759 | Crypt:2  | Gained mutation: Your pliable body absorbs attacks. (AC +2,
                  | EV +2) [Jiyva's grace]
 48759 | Crypt:2  | Gained mutation: Your gelatinous body deflects attacks. (AC
                  | +3, EV +3) [Jiyva's grace]
 48759 | Crypt:2  | Gained mutation: You have acidic saliva. [Jiyva's grace]
 48759 | Crypt:2  | Gained mutation: Your muscles are strong. (Str +4, Int/Dex
                  | -1) [Jiyva's grace]
 48759 | Crypt:2  | Noticed Zenata
 48840 | Crypt:2  | Killed Zenata
 48858 | Crypt:2  | Reached skill level 25 in Fighting
 49299 | Crypt:2  | Identified the ring "Papusycyst" {Ice rN+}
 49299 | Crypt:2  | Noticed Josephina
 49312 | Crypt:2  | Killed Josephina
 49566 | Crypt:3  | Entered Level 3 of the Crypt
 50790 | Crypt:3  | Found a staircase to the Tomb.
 51256 | Hell     | Entered the Vestibule of Hell
 51256 | Hell     | Noticed Geryon
 51274 | Hell     | Killed Geryon
 51518 | Hell     | Found a gateway to the freezing wastes of Cocytus.
 51743 | Hell     | Found a gateway to the Iron City of Dis.
 51754 | Hell     | Lost mutation: You have large cloven feet. [Jiyva's grace]
 51754 | Hell     | Lost mutation: Your gelatinous body deflects attacks. (AC
                  | +3, EV +3) [Jiyva's grace]
 51754 | Hell     | Lost mutation: Your transparent skin significantly reduces
                  | your foes' accuracy. (Stealth+) [Jiyva's grace]
 51754 | Hell     | Gained mutation: You are very agile. (Dex +8, Str/Int -2)
                  | [Jiyva's grace]
 51754 | Hell     | Gained mutation: Your mind is very acute. (Int +8, Str/Dex
                  | -2) [Jiyva's grace]
 51754 | Hell     | Gained mutation: You have a small jelly attached to you
                  | that senses nearby items. [Jiyva's grace]
 51754 | Hell     | Lost mutation: You are somewhat resistant to further
                  | mutation. [Jiyva's grace]
 51754 | Hell     | Gained mutation: You have hidden genetic potential.
                  | [Jiyva's grace]
 51789 | Hell     | Found a gateway to the decaying netherworld of Tartarus.
 51842 | Hell     | Found a gateway to the ashen valley of Gehenna.
 51956 | Geh:1    | Entered Level 1 of Gehenna
 52303 | Geh:2    | HP: 6/290 [hellephant/blast of flame (22)]
 52303 | Geh:2    | Killed from afar by a fire giant

Illustrated notes

Levels and vault maps discovered:
D:1:      dpeg_arrival_round_c, layout_basic
D:2:      layout_loops_ring, ebering_ecumenical_altar_abandoned,
          nicolae_underground_beach, uniq_jessica
D:3:      layout_loops_ring, lemuel_zombie_altar_yredelemnul, uniq_terence
D:4:      layout_basic, nicolae_ashenzari_skybound, serial_shops,
          kennysheep_mini, minmay_manual_mail
D:5:      layout_basic, minmay_temple_entry_statues_pillars, corexii_shack,
          minmay_strange_pillars, uniq_pikel
D:6:      layout_rooms, serial_shops, kennysheep_little_box
D:7:      layout_basic, lemuel_doored_altar, mainiacjoe_overflow_alcove_4,
          enter_bailey_8, feat_on_display, uniq_menkaure
D:8:      layout_basic, gammafunk_ghost_cemetery, lemuel_flame_loot_1
D:9:      cheibrodos_frozen_isle, layout_irregular_city,
          grunt_temple_overflow_forces_of_nature, david_orc_3,
          minmay_misc_feat_pillars, amcnicky_mini_corridor_feature
D:10:     layout_grid_maze, dpeg_lair_monsters, minmay_crystal_water,
          nicolae_shop_sticking_my_neck_out
D:11:     layout_gridville
D:12:     layout_roguey, lemuel_flamethrower_3, uniq_jorgrun
D:13:     layout_basic, gauntlet_entry_generic
D:14:     layout_roguey, david_vaults_5, doesnt_xom_only_xom
D:15:     grunt_enter_depths_magical_seal, layout_basic,
          hangedman_decor_slide_cut, slow_altar_2
Lair:1:   layout_regular_city, basic_altar, nicolae_lair_grove_arrangements
Lair:2:   layout_gridlike, minmay_lair_oklob_items, serial_bayou_pond_d,
          st_stairs_3, chequers_serial_rivers_micro_b, serial_bayou_pond_e,
          hangedman_lair_unloving_vines, grunt_megastairs_4
Lair:3:   layout_cave_pods, minmay_shoals_entry_centaurs,
          nicolae_spider_entry_orb_guardian
Lair:4:   slaughterhouse, layout_cave_pods, slime_entry_1, uniq_kirke
Lair:5:   grunt_lair_end_beastmaster, layout_concentric_octagons,
          minmay_lindwurm_lava, lemuel_fruit_fields
Shoals:1: cheibrodos_shoals_satyrical_garden, layout_shoals,
          nicolae_shoals_lost_giant_baths
Shoals:2: layout_shoals
Shoals:3: layout_shoals, nicolae_shoals_so_close
Shoals:4: shoals_end_grunt_ice, layout_shoals,
          portal_ice_cave_entry_ice_simulacra, uniq_donald
Spider:1: layout_spider_delve, uniq_asterion, uniq_louise
Spider:2: layout_spider_delve, spiders_nest_spider_trap, uniq_azrael
Spider:3: layout_cave_pods
Spider:4: spider_rune_water, hangedman_stitches_earthworm
Slime:1:  layout_caves
Slime:2:  layout_caves, nicolae_slime_getting_an_eyeful
Slime:3:  layout_caves
Slime:4:  layout_caves
Slime:5
Orc:1:    layout_caves, nicolae_volcano_entry_hallway, bloody_makhleb
Orc:2:    st_orc_open, layout_diamond_mine
Elf:1:    minmay_elf_arrival_plus, layout_rooms, basic_altar,
          minmay_elf_crystal_hexagon, st_stairs_1, hangedman_corner_corridor,
          minmay_shop_star, uniq_agnes
Elf:2:    elven_hall_of_blades_hangedman_original
          [nicolae_vaults_blade_armed_guards], layout_geoelf_octagon,
          feat_on_display
Elf:3:    minmay_elf_hall_hex, layout_geoelf_castle, serial_shops,
          bzr_entry_gold, nicolae_shop_waterfront, basic_altar
Vaults:1: vaults_standard_mumra_lines, nicolae_vaults_asterisk,
          hangedman_vaults_trim, nicolae_vaults_sealed_display, v_rooms_1,
          ontoclasm_vaults_twist, ontoclasm_vaults_bender,
          hangedman_vaults_stagger, hangedman_vaults_pinch, v_misc_15,
          hangedman_vaults_corner_blocks, nicolae_vaults_ring_of_whatevers,
          v_misc_13, layout_vaults_omnibox
Vaults:2: nicolae_vaults_theta, nicolae_vaults_network_square,
          ontoclasm_vaults_shuriken, grunt_vaults_diagonal, vaults_room_pools,
          vaults_dpeg_spiral, v_alt_pattern_5, hangedman_vaults_restitches,
          v_misc_13, nicolae_vaults_hallways_thing, v_misc_1,
          ontoclasm_vaults_chip, vaults_room_door_hall,
          vaults_dpeg_encased_lava, vaults_room_ringed_pool,
          nicolae_vaults_murderbox, nicolae_vaults_little_squares_4,
          layout_vaults_maze_bifur, serial_shops, nicolae_shop_advertising_works
          [nicolae_subvault_shop_adworks]
Vaults:3: minmay_crypt_entry_necro_gods, special_room_vaults [special_room_orc],
          grunt_vaults_focal, ontoclasm_vaults_claustrophobia,
          ontoclasm_vaults_gateway, ontoclasm_vaults_ring_small,
          vaults_room_fours, v_misc_8, v_alt_pattern_4,
          vaults_mumra_minichess_inversion, ontoclasm_vaults_decontamination,
          nicolae_vaults_triangles, nicolae_vaults_windows_and_doors_thing,
          vaults_room_pool, v_rooms_3, layout_vaults_big_room
Vaults:4: v_misc_25, v_pattern_1, nicolae_vaults_big_ls, v_misc_28,
          v_alt_pattern_6, v_alt_pattern_1, hangedman_vaults_stretched_pinwheel,
          layout_vaults_quadrants
Vaults:5: serial_shops, uniq_xtahua, uniq_saint_roka, uniq_mennas, uniq_sojobo
Crypt:1:  layout_chaotic_city, grunt_megastairs_2
Crypt:2:  statuecave_lemuel, layout_gridlike, feat_on_display,
          grunt_megastairs_3, uniq_zenata, uniq_josephina
Crypt:3:  due_elkab, layout_chaotic_city, nicolae_tomb_entry_rubble_hallway,
          nicolae_crypt_little_mausoleum
Depths:1: layout_basic, enter_ziggurat_a, kennysheep_nondescript, serial_shops,
          nicolae_shop_statue_plus, nicolae_inconvenience_store, shop,
          grunt_metal_band, hellmonk_ghost_big_iron, guppyfry_shop_venom
Depths:2: kennysheep_six_static_rooms, layout_gridville, solitary_fountain,
          grunt_pan_entry_sceptre, serial_shops, shop, abyss_entry, hell_entry,
          ebering_ghost_inner_flame, minmay_gold_behind_fungi,
          lightli_giant_bouncers, minmay_shop_grove,
          minmay_staircase_windowed_small
Depths:3: minmay_the_grid_square_5x5_4x4_mashed
          [minmay_the_grid_square_5x5_three_walls,
          minmay_the_grid_square_5x5_forky, minmay_the_grid_square_5x5_inner_z,
          minmay_the_grid_square_5x5_broken_cross,
          minmay_the_grid_square_5x5_checkered,
          minmay_the_grid_square_5x5_prize_junk,
          minmay_the_grid_square_5x5_prize_deathbox,
          minmay_the_grid_square_5x5_slash,
          minmay_the_grid_square_5x5_spiral_small,
          minmay_the_grid_square_5x5_prize_itemx,
          minmay_the_grid_square_5x5_prize_gold, minmay_the_grid_square_5x5_z,
          minmay_the_grid_square_5x5_shrine2,
          minmay_the_grid_square_5x5_six_small,
          minmay_the_grid_square_5x5_three_small,
          minmay_the_grid_square_5x5_meh], layout_cave_pools,
          nicolae_trove_entry_path_of_doom, infiniplex_staircase_pillars_2,
          abyss_entry, hell_entry, okawaru_gym_becter
Depths:4: grunt_twist_and_shout, layout_cave_shapes, pf_coc_iceberg,
          grunt_decor_cap, uniq_enchantress
Hell
Geh:1:    layout_gehenna_lava_caves
Geh:2:    layout_gehenna_pools_box, nicolae_geh_lava_lounge

Skill      XL: |  1  2  3  4  5  6  7  8  9 10 11 12 13 14 15 16 17 18 19 20 21 22 23 24 25 26 27 |
---------------+----------------------------------------------------------------------------------+-----
Short Blades   | 1 2 3 4 |  4.3
Shields        | 2 3 4 5 7 9 13 15 16 17 18 19 20 21 22 23 24 | 24.1
Fighting       | 4 5 8 11 14 17 18 19 20 21 22 23 24 25 | 25.5
Armour         | 3 6 8 13 15 16 17 18 19 20 21 22 23 | 23.3
Dodging        | 3 6 8 10 11 13 15 17 18 | 18.9
Maces & Flails | 12 13 14 15 16 | 16.1
Evocations     | 1 5 7 9 11 14 16 17 | 17.2
Axes           | |  3.0
Throwing       | |  3.0
Stealth        | |  1.0

Action                     |  1- 3 |  4- 6 |  7- 9 | 10-12 | 13-15 | 16-18 | 19-21 | 22-24 | 25-27 || total
---------------------------+-------+-------+-------+-------+-------+-------+-------+-------+-------++-------
  Melee: Dagger            |    66 |   177 |   430 |   707 |   840 |       |       |       |       ||  2220
         Bite              |       |       |    17 |   124 |   236 |   313 |       |       |   254 ||   944
         Kick              |       |       |       |       |   573 |       |       |   293 |       ||   866
         Morningstar       |       |       |       |       |   231 |       |       |       |       ||   231
         Demon whip        |       |       |       |       |   103 |  1608 |  1722 |  1658 |  1486 ||  6577
         Scimitar          |       |       |       |       |    65 |       |       |       |       ||    65
         Pseudopods        |       |       |       |       |       |    20 |   626 |   608 |       ||  1254
         Sacred scourge    |       |       |       |       |       |       |       |       |  1231 ||  1231
  Throw: Dart              |       |     1 |     3 |    11 |     2 |       |       |       |       ||    17
         Javelin           |       |       |       |       |       |       |       |     1 |       ||     1
 Invoke: Oozemancy         |       |     1 |     2 |     6 |    10 |     1 |     6 |     9 |     5 ||    40
         Slimify           |       |       |     1 |       |       |       |       |       |     1 ||     2
Ability: Evoke Blink       |       |       |       |       |       |       |       |     2 |     8 ||    10
  Evoke: Condenser vane    |       |       |       |       |       |       |     1 |       |       ||     1
         Wand              |       |       |       |       |       |       |       |     2 |     5 ||     7
         Tin of tremorston |       |       |       |       |       |       |       |     1 |     4 ||     5
         Phantom mirror    |       |       |       |       |       |       |       |       |     2 ||     2
         Box of beasts     |       |       |       |       |       |       |       |       |     1 ||     1
         Phial of floods   |       |       |       |       |       |       |       |       |     1 ||     1
    Use: Scroll            |       |       |     9 |     1 |    17 |     8 |     5 |    13 |     8 ||    61
         Potion            |       |       |       |     1 |     6 |     2 |       |     7 |     8 ||    24
   Stab: Sleeping          |       |     4 |    12 |     3 |     1 |     3 |     1 |       |     1 ||    25
         Distracted        |       |       |     1 |       |     1 |       |     1 |       |     3 ||     6
         Confused          |       |       |       |     7 |    17 |    86 |    17 |    31 |     5 ||   163
         Petrifying        |       |       |       |       |     1 |       |       |       |       ||     1
         Petrified         |       |       |       |       |    10 |       |       |       |       ||    10
 Armour: Leather armour    |    17 |    39 |       |       |       |       |       |       |       ||    56
         Ring mail         |       |    14 |   172 |   214 |   362 |       |       |       |       ||   762
         Ice dragon scales |       |       |       |       |     2 |   434 |   281 |   262 |   304 ||  1283
         Plate armour      |       |       |       |       |       |       |       |       |   245 ||   245
  Dodge: Dodged            |    27 |    70 |   198 |   288 |   896 |   890 |   835 |   613 |  1064 ||  4881
         Repelled          |       |       |       |     6 |     9 |     5 |     8 |     4 |       ||    32
  Block: Buckler           |     2 |    23 |    95 |   126 |   375 |   190 |       |       |       ||   811
         Kite shield       |       |       |       |       |       |   453 |       |       |       ||   453
         Tower shield      |       |       |       |       |       |   266 |  1396 |  1308 |  2824 ||  5794
         Reflection        |       |       |       |       |       |       |       |     3 |    34 ||    37

Table legend: (Time is in decaauts)
 A = Elapsed time spent in this place.
 B = Non-inter-level travel time spent in this place.
 C = Inter-level travel time spent in this place.
 D = Time resting spent in this place.
 E = Time spent auto-exploring this place.
 F = Levels seen in this place.
 G = Mean time per level.
                   A        B        C        D        E       F      G
               +--------+--------+--------+--------+--------+-----+--------+
         Total |  49023 |  45099 |   3924 |   1603 |  28434 |  62 |  790.7 |
       Dungeon |  10985 |   9750 |   1235 |    102 |   7541 |  15 |  732.3 |
          Lair |   6065 |   5556 |    509 |    169 |   3589 |   5 | 1213.0 |
        Shoals |   3648 |   3460 |    188 |      0 |   2483 |   4 |  912.0 |
   Spider Nest |   3559 |   3419 |    140 |     73 |   2247 |   4 |  889.8 |
    Slime Pits |   1269 |   1140 |    129 |      0 |   1079 |   5 |  253.8 |
  Orcish Mines |   1506 |   1348 |    158 |      0 |    757 |   2 |  753.0 |
   Elven Halls |   2746 |   2547 |    199 |      0 |   1544 |   3 |  915.3 |
        Vaults |   7247 |   6481 |    766 |    309 |   4024 |   5 | 1449.4 |
         Crypt |   2912 |   2714 |    198 |      0 |   1793 |   3 |  970.7 |
        Depths |   4852 |   4507 |    345 |    936 |   2137 |   4 | 1213.0 |
          Hell |    464 |    427 |     37 |      0 |    236 |   1 |  464.0 |
       Gehenna |    300 |    286 |     14 |      0 |    170 |   2 |  150.0 |
         Abyss |   1265 |   1265 |      0 |      1 |      4 |   3 |  421.7 |
        Bazaar |    310 |    310 |      0 |      0 |    197 |   1 |  310.0 |
         Trove |     84 |     84 |      0 |      0 |     13 |   1 |   84.0 |
        Bailey |    295 |    295 |      0 |      0 |     59 |   1 |  295.0 |
      Ice Cave |    801 |    801 |      0 |     12 |    447 |   1 |  801.0 |
       Volcano |    390 |    390 |      0 |      0 |     69 |   1 |  390.0 |
      Gauntlet |    318 |    318 |      0 |      0 |     44 |   1 |  318.0 |
               +--------+--------+--------+--------+--------+-----+--------+

Top non-repeatable levels by time:
Vaults:4: 2141 daAuts
Depths:3: 1722 daAuts
  Lair:4: 1637 daAuts
   Elf:3: 1456 daAuts
Vaults:3: 1395 daAuts
Vaults:2: 1318 daAuts
  Lair:5: 1273 daAuts
Depths:1: 1251 daAuts
 Crypt:3: 1232 daAuts
Vaults:1: 1214 daAuts
Shoals:4: 1208 daAuts
Depths:2: 1206 daAuts
Vaults:5: 1178 daAuts
  Lair:3: 1129 daAuts
     D:8: 1126 daAuts
